AoeStats
← Juyhou

MegaRandom

508709156Analyzed
3v3 RM · 9d ago on Sep 23, 2026· 33m 23s· 6 players
Game mode
Random Map
Map size
Normal (6 player)
Population
200
Speed
Normal
Resources
Standard
Victory
Conquest
Starting age
Dark Age
Ending age
Imperial Age
RankedLock teamsTeams togetherTeam positionsShared explorationLock speedFull tech treeHidden civsTurbo modeCheats
Victory
Defeat
🇫🇮 Varangians · Finland
2094
+11
🇫🇮 Spanish · Finland
2036
+13
🇫🇮 Danes · Finland
1866
+20
🇹🇷 Koreans · Türkiye
2068
-19
🇹🇷 Lithuanians · Türkiye
1939
-13
🇷🇺 Britons · Russia
1908
-12
Honda
5:45 Loom
8:40 Feudal Age
13:39 Castle Age
11:34 Double-Bit Axe
12:01 Scale Barding Armor
12:09 Bloodlines
12:26 Forging
14:43 Chain Barding Armor
14:24 Husbandry
20:26 Light Cavalry
26:33 Iron Casting
28:39 Imperial Age
27:44 Gold Mining
28:45 Cavalier
30:25 Plate Barding Armor
33:14 Stone Mining
Ubetnir
1:29 Loom
10:06 Feudal Age
10:55 Double-Bit Axe
14:03 Castle Age
12:45 Gold Mining
12:46 Stone Mining
12:41 Horse Collar
14:37 Fletching
15:22 Bodkin Arrow
18:32 Bow Saw
21:43 Wheelbarrow
21:57 Devotion
27:21 Imperial Age
25:16 Town Watch
25:35 Heavy Plow
26:29 Gold Shaft Mining
28:04 Bracer
29:06 Chemistry
28:26 Ballistics
29:07 Two-Man Saw
29:04 Thumb Ring
29:10 Husbandry
29:56 Arrowslits
31:45 Siege Engineers
31:37 Elite Skirmisher
32:57 Murder Holes
Eugenius
1:24 Loom
10:21 Feudal Age
14:25 Castle Age
12:48 Horse Collar
13:49 Double-Bit Axe
14:39 Stone Mining
18:38 Town Watch
19:30 Bow Saw
23:16 Gold Mining
23:18 Fletching
24:09 Wheelbarrow
24:02 Padded Archer Armor
23:57 Bodkin Arrow
25:38 Leather Archer Armor
28:30 Imperial Age
26:55 Hand Cart
28:33 Yeomen
28:41 Yeomen
29:32 Gold Shaft Mining
29:14 Bracer
30:15 Two-Man Saw
29:38 Conscription
29:32 Masonry
29:43 Ballistics
29:40 Elite Longbowman
31:33 Ring Archer Armor
32:04 Chemistry
32:57 Siege Engineers
33:12 Warwolf
Villese
0:36 Loom
10:42 Feudal Age
14:57 Castle Age
12:41 Horse Collar
14:07 Town Watch
15:35 Double-Bit Axe
16:28 Wheelbarrow
15:46 Gold Mining
15:40 Fishing Lines
16:33 Forging
17:02 Bow Saw
21:24 Imperial Age
18:59 Gillnets
20:40 Scale Barding Armor
20:39 Stone Mining
22:00 Chain Barding Armor
22:55 Husbandry
23:06 Bloodlines
24:04 Plate Barding Armor
24:10 Conscription
24:23 Elite Jarl
26:12 Iron Casting
26:05 Fletching
27:33 Bodkin Arrow
28:43 Blast Furnace
29:01 Bodkin Arrow
28:57 Guard Tower
30:23 Bracer
31:08 Ballistics
32:00 Siege Engineers
33:29 Chemistry
33:01 Masonry
32:31 Treadmill Crane
33:42 Hand Cart
Juyhou
0:38 Loom
8:33 Feudal Age
12:24 Castle Age
12:39 Double-Bit Axe
13:05 Town Watch
13:11 Fishing Lines
16:58 Bow Saw
17:50 Gillnets
18:55 Wheelbarrow
18:49 Horse Collar
19:16 Scale Mail Armor
19:53 Squires
22:16 Chain Mail Armor
22:27 Heavy Plow
26:08 Gold Mining
26:10 Stone Mining
30:06 Imperial Age
28:29 Hand Cart
28:33 Hamask
29:42 Forging
30:13 Elite Jomsviking
32:09 Iron Casting
32:08 Plate Mail Armor
31:51 Arson
33:08 Iron Casting
34:02 Conscription
TheMax
0:39 Loom
9:38 Feudal Age
13:08 Castle Age
11:22 Double-Bit Axe
11:52 Scale Barding Armor
12:01 Horse Collar
13:39 Town Watch
14:30 Wheelbarrow
14:07 Bow Saw
17:15 Sanctity
16:59 Fletching
18:17 Fervor
20:12 Redemption
20:07 Heavy Plow
21:18 Chain Barding Armor
25:24 Imperial Age
23:15 Husbandry
23:08 Gold Mining
23:10 Stone Mining
24:31 Hand Cart
24:35 Bloodlines
24:31 Inquisition
25:29 Bodkin Arrow
26:24 Block Printing
26:36 Illumination
26:58 Theocracy
27:47 Chemistry
28:29 Plate Barding Armor
28:44 Ballistics
28:35 Masonry
28:52 Supremacy
31:17 Conscription
31:29 Architecture
31:44 Shipwright
31:56 Architecture
Connection lost

Rejoining the realm…

Still unreachable

The connection could not be restored.

Session expired

The server has moved on; the page needs a fresh start.